 Dungeon Crawl Stone Soup version 0.29-a0-323-g050149a (webtiles) character file.

Game seed: 10423814860529147709

4230 Illumine the Covert (level 10, -12/59 (61) HPs)
             Began as a Kobold Abyssal Knight on Apr 9, 2022.
             Was a High Priest of Lugonu.
             Mangled by a wight
             ... wielding a +5 great sword
              (14 damage)
             ... on level 8 of the Dungeon on Apr 10, 2022.
             The game lasted 00:13:26 (8993 turns).

Illumine the Covert (Kobold Abyssal Knight)         Turns: 8993, Time: 00:13:27

HP:   -12/59 (61)   AC: 18    Str: 15    XL:     10   Next: 55%
MP:   14/15         EV: 17    Int:  6    God:    Lugonu [*****.]
Gold: 455           SH:  0    Dex: 18    Spells: 9/9 levels left

rFire   . . .      SeeInvis .   g - +3 dagger (elec)
rCold   . . .      Faith    .   (no shield)
rNeg    . . .      Spirit   .   A - +8 ring mail "Laevoasm" {Rampage Int-5 Dex+2 Slay+2}
rPois   .          Reflect  .   o - +2 hat
rElec   .          Harm     .   y - +0 cloak
rCorr   .          Rampage  +   m - +0 pair of gloves
Will    +....                   (no boots)
Stlth   +++++.....              (no amulet)
HPRegen 0.19/turn               p - ring of willpower
MPRegen 0.14/turn               (no ring)

@: slowed, lightly drained, very slow
A: small, no large weapons, nightstalker 3
a: Renounce Religion, Depart the Abyss, Bend Space, Banish, Corrupt, Enter the
Abyss


You were on level 8 of the Dungeon.
You worshipped Lugonu.
Lugonu was extremely pleased with you.
You visited 1 branch of the dungeon, and saw 8 of its levels.
You visited the Abyss 1 time.
You also visited: Ossuary.

You collected 455 gold pieces.

Inventory:

Hand Weapons
 c - a +0 club
 g - a +3 dagger of electrocution (weapon)
Missiles
 a - 9 boomerangs
 e - a throwing net
 u - 17 poisoned darts (quivered)
Armour
 b - a +0 leather armour
 m - a +0 pair of gloves (worn)
 o - a +2 hat (worn)
 y - a +0 cloak (worn)
 A - the +8 ring mail "Laevoasm" (worn) {Rampage Int-5 Dex+2 Slay+2}
   (You found it on level 5 of the Dungeon)

   Int:       It affects your intelligence (-5).
   Dex:       It affects your dexterity (+2).
   Slay:      It affects your accuracy & damage with ranged weapons and melee
   (+2).
   Rampage:   It bestows one free step when moving towards enemies.
Jewellery
 p - a ring of willpower (left hand)
 B - a ring of wizardry
 C - an amulet of reflection
 G - a ring of willpower
 J - a ring of see invisible
Wands
 D - a wand of paralysis (14)
 I - a wand of acid (1)
Scrolls
 d - 2 scrolls of enchant weapon
 i - 2 scrolls of amnesia
 j - 3 scrolls of immolation
 k - 3 scrolls of teleportation {unknown}
 n - a scroll of summoning {unknown}
 q - 2 scrolls of vulnerability {unknown}
 s - a scroll of fear {unknown}
 w - a scroll of silence {unknown}
 x - 3 scrolls of blinking {unknown}
 z - 3 scrolls of enchant armour {unknown}
 F - 3 scrolls of noise {unknown}
Potions
 f - 2 potions of haste
 h - 5 potions of lignification
 l - 2 potions of curing
 r - 4 potions of flight {unknown}
 t - 2 potions of attraction {unknown}
 v - 2 potions of might {unknown}
 E - 2 potions of magic {unknown}
 H - a potion of mutation {unknown}
 K - a potion of cancellation {unknown}
 L - a potion of brilliance
 M - a potion of heal wounds {unknown}


   Skills:
 + Level 6.5 Fighting
 - Level 10.0 Short Blades
 + Level 3.5 Armour
 + Level 6.7 Dodging
 + Level 10.2 Stealth
 * Level 6.7 Invocations


You had 9 spell levels left.
You didn't know any spells.
Your spell library contained the following spells:

 Spells                   Type           Power      Damage    Failure   Level
 Animate Skeleton         Necr           0%         N/A       67%         1
 Pain                     Necr           0%         1d4       67%         1
 Vampiric Draining        Necr           0%         2d6       96%         3
 Airstrike                Air            0%         N/A       100%        4
 Summon Lightning Spire   Summ/Air       0%         N/A       100%        4
 Lightning Bolt           Conj/Air       0%         1d11      100%        5


Dungeon Overview and Level Annotations

Branches:
Dungeon (8/15)             Temple (0/1) D:7         Ossuary (visited)
   Lair: D:8-11

Altars:
Ashenzari
Cheibriados
Dithmenos
Fedhas
Gozag
Kikubaaqudgha
Vehumet
Xom
Zin
The Shining One

Shops:
D:8 [

Annotations:
D:4 Duvessa


Innate Abilities, Weirdness & Mutations

You are small and have problems with some larger weapons.
You are completely attuned to the shadows.


Message History

The wight misses you.
* * * LOW HITPOINT WARNING * * *
You feel extremely sick.
* * * LOW HITPOINT WARNING * * *
You feel very sick. The wight completely misses you.
You see here a scroll labelled FACKOI AMUNUEZA.
You feel better. The wight closely misses you. The white imp gestures at you.
The puff of frost hits you but does no damage.
Okay, then.
Unknown command.
Okay, then.
The white imp laughs crazily.
The wight misses you. The wight attacks as you move away!
The wight barely misses you. The wight barely misses you.
The centaur shoots an arrow.
The arrow closely misses you. The wight attacks as you move away!
The wight misses you.
The centaur shoots an arrow.
The arrow misses you. The wight misses you.
The centaur shoots an arrow.
The arrow hits you.
* * * LOW HITPOINT WARNING * * *
The centaur shoots an arrow.
The arrow hits you.
* * * LOW HITPOINT WARNING * * *
The wight barely misses you.
The centaur shoots an arrow.
The arrow barely misses you.
The centaur shoots an arrow.
The arrow hits you but does no damage. The wight attacks as you move away!
The wight closely misses you. The wight completely misses you.
The wight hits you but does no damage. The wight attacks as you move away!
The wight hits you but does no damage.
The wight hits you with a +5 great sword!
* * * LOW HITPOINT WARNING * * *
You feel drained.
* * * LOW HITPOINT WARNING * * *
Space bends sharply around you!
You blink.
Space bends around you!
You blink.
There is a stone staircase leading down here.
The wight hits you with a +5 great sword!
You die...

..... ######..... .#
_.... ####.##### .#
..... ..........
....# ####.####.
)..##.. ..........
..##... .....####.
###..# ####.# # ..c.#
#.####.##
##.##########.cz@....
##Kc....c...†.#.#####
##############.# #.#
###############.#
................#
#################


You could see a centaur and a wight.

Vanquished Creatures
  A two-headed ogre (D:7)
  A wraith (D:6)
  A wyvern (D:8)
  2 steam dragons
  2 orc warriors (D:7)
  An ice beast (D:5)
  A sky beast (D:5)
  A black bear (D:6)
  An ogre (D:5)
  2 phantoms
  2 bullfrogs
  A necrophage (D:5)
  A scorpion (D:6)
  9 wights
  Dowan (D:4)
  A killer bee (D:8)
  3 howler monkeys
  3 centaur zombies (Ossuary)
  9 hounds
  A human zombie (Ossuary)
  Crazy Yiuf (D:4)
  3 orc priests
  2 gnoll shamans
  4 jellies
  5 orc wizards
  Natasha (thrice) (D:2)
  5 iguanas
  3 hound zombies (Ossuary)
  3 mummies (Ossuary)
  12 gnolls
  11 adders
  A shadow imp (D:6)
  2 white imps (D:5)
  An ufetubus (D:5)
  6 adder zombies (Ossuary)
  A worm (D:2)
  3 dart slugs (D:3)
  19 orcs
  A bat (D:3)
  12 endoplasms
  4 giant cockroaches
  4 gnoll zombies (Ossuary)
  6 goblins
  7 hobgoblins
  10 jackals
  7 kobolds
  5 quokkas
  4 ball pythons
  A frilled lizard (D:1)
  2 goblin zombies (Ossuary)
  3 hobgoblin zombies (Ossuary)
  4 jackal zombies (Ossuary)
  2 kobold zombies (Ossuary)
  An orc zombie (Ossuary)
  3 quokka zombies (Ossuary)
  2 rats (D:1)
  2 rat zombies (Ossuary)
209 creatures vanquished.

Notes
Turn   | Place    | Note
-------+----------+-------------------------------------------
     0 | Abyss:1  | Illumine the Kobold Abyssal Knight began the quest for the
                  | Orb.
     0 | Abyss:1  | Reached XP level 1. HP: 14/14 MP: 2/2
     2 | Abyss:1  | Found a corrupted altar of Lugonu.
     3 | D:1      | Escaped the Abyss
   120 | D:1      | Reached ** piety under Lugonu
   285 | D:1      | Reached XP level 2. HP: 16/19 MP: 3/3
   427 | D:1      | Found a faded altar of an unknown god.
   997 | D:2      | Reached XP level 3. HP: 23/23 MP: 5/5
  1160 | D:2      | Reached skill level 1 in Stealth
  1257 | D:2      | Reached XP level 4. HP: 28/28 MP: 6/6
  1406 | D:2      | Noticed Natasha
  1412 | D:2      | Killed Natasha
  1432 | D:2      | Noticed Natasha
  1436 | D:2      | Killed Natasha
  1437 | D:2      | Reached XP level 5. HP: 26/32 MP: 7/7
  1535 | D:2      | Noticed Natasha
  1543 | D:2      | Killed Natasha
  1544 | D:2      | Reached skill level 5 in Short Blades
  1673 | D:3      | Reached XP level 6. HP: 15/37 MP: 8/8
  2302 | D:3      | Reached *** piety under Lugonu
  2681 | D:3      | Found a radiant altar of Vehumet.
  2681 | D:3      | Found a broken altar of Ashenzari.
  2682 | D:3      | Found a shadowy altar of Dithmenos.
  2771 | D:3      | Reached skill level 5 in Stealth
  3360 | D:4      | Found a snail-covered altar of Cheibriados.
  3363 | D:4      | Found an ancient bone altar of Kikubaaqudgha.
  3744 | D:4      | Reached XP level 7. HP: 21/41 MP: 9/9
  3751 | D:4      | Found a sand-covered staircase.
  3757 | Ossuary  | Entered an ossuary
  4510 | Ossuary  | Reached **** piety under Lugonu
  4653 | D:4      | Found a runed translucent door.
  4656 | D:4      | Noticed Crazy Yiuf
  4663 | D:4      | Killed Crazy Yiuf
  4818 | D:4      | Reached XP level 8. HP: 46/46 MP: 10/10
  5028 | D:4      | Noticed Dowan
  5031 | D:4      | Noticed Duvessa
  5032 | D:4      | Killed Dowan
  5067 | D:5      | Entered Level 5 of the Dungeon
  5592 | D:5      | Identified the +8 ring mail "Laevoasm" {Rampage Int-5 Dex+2
                  | Slay+2}
  5863 | D:5      | Reached skill level 1 in Armour
  6000 | D:5      | Reached XP level 9. HP: 39/52 MP: 11/11
  6516 | D:6      | Reached skill level 10 in Short Blades
  6518 | D:6      | Reached skill level 5 in Fighting
  6615 | D:6      | Reached skill level 5 in Dodging
  7569 | D:7      | Reached skill level 5 in Invocations
  7582 | D:7      | Reached ***** piety under Lugonu
  7583 | D:7      | Reached XP level 10. HP: 36/58 MP: 13/13
  7736 | D:8      | Found Roeg Asiu's Antique Armour Shop.
  8093 | D:7      | Noticed a two-headed ogre
  8096 | D:7      | Killed a two-headed ogre
  8131 | D:7      | Found a staircase to the Ecumenical Temple.
  8170 | D:7      | Reached skill level 10 in Stealth
  8320 | D:7      | Found a shimmering altar of Xom.
  8920 | D:8      | Found a glowing golden altar of the Shining One.
  8920 | D:8      | Found a glowing silver altar of Zin.
  8936 | D:8      | Found an opulent altar of Gozag.
  8936 | D:8      | Found a blossoming altar of Fedhas.
  8993 | D:8      | Mangled by a wight

Illustrated notes

Levels and vault maps discovered:
D:1:      evilmike_arrival_hilbert_curve, layout_basic,
          hellmonk_ecumenical_altar_crossroads
D:2:      layout_basic, minmay_misc_feat_encased, uniq_natasha
D:3:      layout_basic, chequers_temple_overflow_statue_of_worship,
          minmay_divided_ellipse
D:4:      kennysheep_six_static_rooms, layout_rooms, minitemple,
          portal_sewer_entry_f, nicolae_ossuary_entry_plus, uniq_duvessa,
          uniq_crazy_yiuf_cottage, uniq_sigmund
D:5:      layout_loops_ring
D:6:      layout_loops_ring
D:7:      layout_basic, mainiacjoe_overflow_24_doors, minmay_temple_entry_wispy
D:8:      minmay_the_grid_octo_2x2 [minmay_the_grid_octo_horde,
          minmay_the_grid_octo_shrine, minmay_the_grid_octo_teeth,
          minmay_the_grid_octo_prize_single_spiral], layout_loops_ring,
          serial_shops, nicolae_shop_waterfront, serial_bayou_pond_a,
          hangedman_decor_riveting

Skill      XL: |  1  2  3  4  5  6  7  8  9 10 |
---------------+-------------------------------+-----
Short Blades   | 3 4 5 6 7 9 10 | 10.0
Invocations    | 3 5 6 |  6.7
Stealth        | 1 2 4 6 7 8 9 10 | 10.2
Dodging        | 4 5 6 |  6.7
Fighting       | 4 5 6 |  6.5
Armour         | 1 2 3 |  3.5

Action                   |  1- 3 |  4- 6 |  7- 9 | 10-12 || total
-------------------------+-------+-------+-------+-------++-------
Melee: Short sword       |    20 |       |       |       ||    20
       Dagger            |    48 |   137 |   368 |    72 ||   625
       Punch             |     1 |     1 |     3 |       ||     5
Throw: Dart              |       |       |     3 |       ||     3
Invok: Depart the Abyss  |     1 |       |       |       ||     1
       Bend Space        |       |       |       |     2 ||     2
  Use: Scroll            |       |       |     6 |     1 ||     7
       Potion            |       |       |       |     2 ||     2
 Stab: Sleeping          |     6 |    14 |    44 |     7 ||    71
       Distracted        |       |     1 |     3 |       ||     4
Armor: Leather armour    |    12 |    20 |    49 |       ||    81
       Ring mail         |       |       |    27 |    18 ||    45
Dodge: Dodged            |    41 |    65 |   176 |    43 ||   325

Table legend: (Time is in decaauts)
 A = Elapsed time spent in this place.
 B = Non-inter-level travel time spent in this place.
 C = Inter-level travel time spent in this place.
 D = Time resting spent in this place.
 E = Time spent auto-exploring this place.
 F = Levels seen in this place.
 G = Mean time per level.
                   A        B        C        D        E       F      G
               +--------+--------+--------+--------+--------+-----+--------+
         Total |   8777 |   8608 |    169 |   1460 |   5620 |  10 |  877.7 |
       Dungeon |   7933 |   7764 |    169 |   1062 |   5395 |   8 |  991.6 |
         Abyss |      3 |      3 |      0 |      0 |      0 |   1 |    3.0 |
       Ossuary |    841 |    841 |      0 |    398 |    225 |   1 |  841.0 |
               +--------+--------+--------+--------+--------+-----+--------+

Top non-repeatable levels by time:
     D:3: 1941 daAuts
     D:7: 1302 daAuts
     D:5: 1116 daAuts
     D:6: 890 daAuts
     D:1: 877 daAuts
 Ossuary: 841 daAuts
     D:4: 756 daAuts
     D:2: 694 daAuts
     D:8: 353 daAuts
 Abyss:1: 3 daAuts
